Description

Copy of this build: https://lotv.spawningtool.com/build/97568/ there were supply depots and upgrades missing from it, and I wanted the bunker earlier

he gets attacked and loses a marine and a couple SCVs, and also I was trying to merge it with the other build, so towards the end it gets kinda weird

VOD

https://youtu.be/YxqrVc57nJM?t=1210

Build Order

Get SALT Encoding   

  12  0:01  SCV  
  13  0:10  SCV  
  14  0:22  Supply Depot 1. SCV  
  15  0:24  SCV  
  15  0:35  SCV  
  16  0:43  Barracks  
  16  0:47  Refinery  
  17  0:54  SCV  
  19  1:30  Action, Orbital Command SCOUT  
  20  1:31  Marine  
  20  1:46  Command Center Natural  
  20  2:00  Factory  
  20  2:06  Supply Depot  
  21  2:10  SCV vibe specifically goes factory, then depot, delaying this scv, then builds this scv, then the tech lab on the barracks  
  22  2:23  Barracks Tech Lab  
  23  2:25  Refinery  
  23  2:35  Bunker use scv that just built depot  
  24  2:44  Action Switch Rax with Factory  
  24  2:55  Siege Tank  
  29  3:26  Supply Depot can use bunker builder. this guy will build 4 depots in a row, making a wall wherever.   
  30  3:25  Siege Tank  
  35  3:43  Engineering Bay  
  36  4:03  Supply Depot  
  39  4:05  Siege Tank  
  44  4:10  Missile Turret x2 Eco  
  43  4:17  Command Center  
  43  4:24  Refinery x2, Supply Depot  
  46  4:34  Supply Depot queued for the solo depot builder  
  51  4:43  Siege Tank  
  51  4:44  Armory  
  53  4:57  Factory x2  
  54  5:30  Infernal Pre-Igniter  
  54  5:31  Terran Vehicle Weapons Level 1  
  55  5:08  Supply Depot  
  57  5:27  Supply Depot Blind spot  
  57  5:40  Orbital Command  
  57  5:44  Factory Reactor x2  
  65  5:46  Thor  
  65  6:00  Action Scan Main  
  67  6:06  Action Fly 3rd OC  
  67  6:10  Command Center  
  69  6:20  Terran Vehicle And Ship Armor Level 1  
  69  6:22  Armory  
  75  6:28  Thor  
  83  6:43  Hellion x4  
  91  7:10  Sensor Tower x2  
  93  7:15  Supply Depot x2 dedicate 2 scvs to depots  
  107  7:45  Factory x3  
  108  7:47  Command Center  
  115  7:50  Refinery x2  
  130  8:20  Terran Vehicle Weapons Level 2, Neosteel Armor, Smart Servos, Terran Vehicle And Ship Armor Level 2  
  132  8:27  Command Center  
  133  8:31  Refinery x2  
  136  8:50  Factory Tech Lab x3  
  144  9:00  Action Scan Natural  
  164  10:14  Factory x2  
  164  10:47  Action x2 Hellion expand scout  
  164  10:14  Factory  
  180  11:40  Action Hellbat, high impact, A-Move  
  180  11:45  Terran Vehicle And Ship Armor Level 3, Terran Vehicle Weapons Level 3  
  164  10:14  Factory  
  182  11:08  Factory Reactor x2, Factory Tech Lab x2  
Spawning Tool Build Advisor. Get it on Overwolf

Go to:

Details

  • Created by: freddurst
  • Published on: Jun 30, 2019
  • Modified on: Jun 30, 2019
  • Patch: 4.7.1
Show
View Real Time Build Order
Export as new Build Order

Comments (0)

There are no comments. Be the first!

Create an account to comment!